AAA
EVANSVILLE TRIPLETS @ TUCSON SIDEWINDERS
07/20/2052
 
TOP OF THE 1ST
Tacoma Rainiers batting - Pitching for Sacramento River Cats : LHP Hubert Hughes
Pitching: LHP Hubert Hughes
Batting: RHB Mike Collins 0-0: Called Strike
0-1: Ball
1-1: Ball
2-1: Ground out 1-3 (Groundball, 15S, EV 67.5 MPH)
Batting: LHB Russell Talusan 0-0: Ball
1-0: Foul Ball, location: 2F
1-1: Swinging Strike
1-2: Foul Ball, location: 2F
1-2: Fly out, F4 (Line Drive, 4, EV 70.0 MPH)
Batting: RHB Gabriel Maldonado 0-0: Foul Ball, location: 2F
0-1: Ball
1-1: Ball
2-1: Single, Error in OF, E7, batter to second base (Line Drive, 7LS, EV 91.9 MPH)
Batting: RHB Kevin Kanne 0-0: Ball
1-0: Foul Ball, location: 2F
1-1: Hit by Pitch
Batting: RHB Paul Sabine 0-0: Ball
1-0: Ball
2-0: Called Strike
2-1: Ball
3-1: Ground out 4-3 (Groundball, 4, EV 87.5 MPH)
Top of the 1st over - 0 runs, 1 hit, 1 error, 2 left on base; Tacoma 0 - Sacramento 0
BOTTOM OF THE 1ST
Sacramento River Cats batting - Pitching for Tacoma Rainiers : RHP Dominic Preston
Pitching: RHP Dominic Preston
Batting: RHB Rich Putrino 0-0: Foul Ball, location: 2F
0-1: Foul Ball, location: 2F
0-2: Ball
1-2: Ball
2-2: Foul Ball, location: 2F
2-2: Strikes out looking
Batting: RHB Matt Campbell 0-0: Ball
1-0: Foul Ball, location: 2F
1-1: Swinging Strike
1-2: Strikes out looking
Batting: LHB Alexander Wolfe 0-0: Called Strike
0-1: Swinging Strike
0-2: Foul Ball, location: 2F
0-2: Foul Ball, location: 2F
0-2: Strikes out swinging
Bottom of the 1st over - 0 runs, 0 hits, 0 errors, 0 left on base; Tacoma 0 - Sacramento 0
TOP OF THE 2ND
Tacoma Rainiers batting - Pitching for Sacramento River Cats : LHP Hubert Hughes
Batting: RHB Mike Vincent 0-0: Called Strike
0-1: Foul Ball, location: 2F
0-2: Ball
1-2: SINGLE (Flyball, 4D, EV 88.1 MPH)
Batting: SHB Leonel Zambujo 0-0: Foul Ball, location: 2F
0-1: Foul Ball, location: 2F
0-2: Ball
1-2: Foul Ball, location: 2F
1-2: Foul Ball, location: 2F
1-2: Strikes out swinging
Batting: LHB Alex Archuleta 0-0: Grounds into double play, 5-4-3 (Groundball, 56, EV 91.9 MPH)
Top of the 2nd over - 0 runs, 1 hit, 0 errors, 0 left on base; Tacoma 0 - Sacramento 0
BOTTOM OF THE 2ND
Sacramento River Cats batting - Pitching for Tacoma Rainiers : RHP Dominic Preston
Batting: RHB Victor Zucker 0-0: Foul Ball, location: 2F
0-1: SOLO HOME RUN (Flyball, 9D, EV 96.2 MPH), Distance : 340 ft
Batting: SHB Carlo Bernoldi 0-0: Foul Ball, location: 2F
0-1: Ball
1-1: Ball
2-1: Foul Ball, location: 2F
2-2: Fly out, F8 (Flyball, 8LXD, EV 80.6 MPH)
Batting: RHB Payton Viverette 0-0: Ball
1-0: Foul Ball, location: 2F
1-1: Ground out 5-3 (Groundball, 56S, EV 71.2 MPH)
Batting: RHB Aaron Thomson 0-0: Called Strike
0-1: Fly out, F4 (Popup, 34D, EV 65.0 MPH)
Bottom of the 2nd over - 1 run, 1 hit, 0 errors, 0 left on base; Tacoma 0 - Sacramento 1
TOP OF THE 3RD
Tacoma Rainiers batting - Pitching for Sacramento River Cats : LHP Hubert Hughes
Batting: RHB Andrew Jones 0-0: Called Strike
0-1: Ball
1-1: Fly out, F8 (Flyball, 8LM, EV 80.6 MPH)
Batting: RHB Mike Collins 0-0: Ball
1-0: Ground out 6-3 (Groundball, 6MS, EV 86.9 MPH)
Batting: LHB Russell Talusan 0-0: Called Strike
0-1: Ball
1-1: Fly out, F5 (Popup, 56S, EV 81.9 MPH)
Top of the 3rd over - 0 runs, 0 hits, 0 errors, 0 left on base; Tacoma 0 - Sacramento 1
BOTTOM OF THE 3RD
Sacramento River Cats batting - Pitching for Tacoma Rainiers : RHP Dominic Preston
Batting: RHB Jim Jones 0-0: Foul Ball, location: 2F
0-1: Foul Ball, location: 2F
0-2: Ball
1-2: SINGLE (Line Drive, 34D, EV 95.0 MPH)
Batting: RHB Roderick Luong 0-0: Called Strike
0-1: Foul Ball, location: 2F
0-2: Ball
1-2: Grounds into double play, 6-4-3 (Groundball, 6, EV 103.1 MPH)
Batting: RHB Rich Putrino 0-0: Called Strike
0-1: Ball
1-1: Ball
2-1: Foul Ball, location: 2F
2-2: Fly out, F7 (Line Drive, 7, EV 105.6 MPH)
Bottom of the 3rd over - 0 runs, 1 hit, 0 errors, 0 left on base; Tacoma 0 - Sacramento 1
TOP OF THE 4TH
Tacoma Rainiers batting - Pitching for Sacramento River Cats : LHP Hubert Hughes
Batting: RHB Gabriel Maldonado 0-0: Foul Ball, location: 2F
0-1: Called Strike
0-2: Foul Ball, location: 2F
0-2: Ball
1-2: Ball
2-2: Strikes out swinging
Batting: RHB Kevin Kanne 0-0: Ball
1-0: Ball
2-0: Foul Ball, location: 2F
2-1: Ball
3-1: Foul Ball, location: 2F
3-2: Ground out 6-3 (Groundball, 6, EV 102.5 MPH)
Batting: RHB Paul Sabine 0-0: Called Strike
0-1: Fly out, F9 (Flyball, 89M, EV 82.5 MPH)
Top of the 4th over - 0 runs, 0 hits, 0 errors, 0 left on base; Tacoma 0 - Sacramento 1
BOTTOM OF THE 4TH
Sacramento River Cats batting - Pitching for Tacoma Rainiers : RHP Dominic Preston
Batting: RHB Matt Campbell 0-0: Called Strike
0-1: SINGLE (Groundball, 6MD, EV 102.5 MPH)
Batting: LHB Alexander Wolfe 0-0: Called Strike
0-1: Foul Ball, location: 2F
0-2: Ball
1-2: Foul Ball, location: 2F
1-2: Ball
2-2: Strikes out swinging
Batting: RHB Victor Zucker 0-0: Ball
1-0: SINGLE (Line Drive, 89S, EV 106.9 MPH)
Matt Campbell to second
Batting: SHB Carlo Bernoldi 0-0: Foul Ball, location: 2F
0-1: Swinging Strike
0-2: Ball
1-2: Strikes out swinging
Batting: RHB Payton Viverette 0-0: Foul Ball, location: 2F
0-1: Foul Ball, location: 2F
0-2: Ball
1-2: SINGLE (Groundball, 6MD, EV 105.0 MPH)
Matt Campbell to third
Victor Zucker to second
Runner from 3rd tries for Home, SAFE, throw by CF to home
Batting: RHB Aaron Thomson 0-0: Foul Ball, location: 2F
0-1: Ball
1-1: Called Strike
1-2: Ball
2-2: Ground out 4-3 (Groundball, 4S, EV 83.8 MPH)
Bottom of the 4th over - 1 run, 3 hits, 0 errors, 2 left on base; Tacoma 0 - Sacramento 2
TOP OF THE 5TH
Tacoma Rainiers batting - Pitching for Sacramento River Cats : LHP Hubert Hughes
Batting: RHB Mike Vincent 0-0: Called Strike
0-1: Called Strike
0-2: Ball
1-2: Ball
2-2: Ball
3-2: Foul Ball, location: 2F
3-2: Strikes out swinging
Batting: SHB Leonel Zambujo 0-0: Ball
1-0: Ball
2-0: Ball
3-0: Called Strike
3-1: Base on Balls
Batting: LHB Alex Archuleta 0-0: Called Strike
Leonel Zambujo steals 2nd base
0-1: Called Strike
0-2: Ball
1-2: Ground out 4-3 (Groundball, 4MD, EV 85.0 MPH)
Leonel Zambujo to third
Batting: RHB Andrew Jones 0-0: Fly out, F6 (Line Drive, 6, EV 70.6 MPH)
Top of the 5th over - 0 runs, 0 hits, 0 errors, 1 left on base; Tacoma 0 - Sacramento 2
BOTTOM OF THE 5TH
Sacramento River Cats batting - Pitching for Tacoma Rainiers : RHP Dominic Preston
Batting: RHB Jim Jones 0-0: SOLO HOME RUN (Flyball, 7D, EV 95.0 MPH), Distance : 356 ft
Batting: RHB Roderick Luong 0-0: Called Strike
0-1: Foul Ball, location: 2F
0-2: Foul Ball, location: 2F
0-2: Foul Ball, location: 2F
0-2: Ground out 5-3 (Groundball, 56, EV 78.1 MPH)
Batting: RHB Rich Putrino 0-0: Foul Ball, location: 2F
0-1: Ball
1-1: Fly out, F8 (Flyball, 8LM, EV 85.6 MPH)
Batting: RHB Matt Campbell 0-0: Swinging Strike
0-1: Ball
1-1: Swinging Strike
1-2: Ground out 6-3 (Groundball, 56, EV 105.6 MPH)
Bottom of the 5th over - 1 run, 1 hit, 0 errors, 0 left on base; Tacoma 0 - Sacramento 3
TOP OF THE 6TH
Tacoma Rainiers batting - Pitching for Sacramento River Cats : LHP Hubert Hughes
Batting: RHB Mike Collins 0-0: Ball
1-0: Ball
2-0: Called Strike
2-1: Foul Ball, location: 2F
2-2: Foul Ball, location: 2F
2-2: Fly out, F8 (Flyball, 8RS, EV 92.5 MPH)
Batting: LHB Russell Talusan 0-0: Ball
1-0: Called Strike
1-1: Swinging Strike
1-2: Ball
2-2: Foul Ball, location: 2F
2-2: Ball
3-2: Foul Ball, location: 2F
3-2: Foul Ball, location: 2F
3-2: Ground out 4-3 (Groundball, 4, EV 84.4 MPH)
Batting: RHB Gabriel Maldonado 0-0: Swinging Strike
0-1: Foul Ball, location: 2F
0-2: Strikes out looking
Top of the 6th over - 0 runs, 0 hits, 0 errors, 0 left on base; Tacoma 0 - Sacramento 3
BOTTOM OF THE 6TH
Sacramento River Cats batting - Pitching for Tacoma Rainiers : RHP Dominic Preston
Batting: LHB Alexander Wolfe 0-0: Ball
1-0: SINGLE (Groundball, 4MD, EV 101.9 MPH)
Batting: RHB Victor Zucker 0-0: Fly out, F9 (Flyball, 9S, EV 95.6 MPH)
Batting: SHB Carlo Bernoldi 0-0: Called Strike
0-1: Called Strike
Alexander Wolfe steals 2nd base
0-2: Foul Ball, location: 2F
0-2: Fly out, F4 (Popup, 4, EV 66.9 MPH)
Batting: RHB Payton Viverette 0-0: Ground out 6-3 (Groundball, 6S, EV 93.8 MPH)
Bottom of the 6th over - 0 runs, 1 hit, 0 errors, 1 left on base; Tacoma 0 - Sacramento 3
TOP OF THE 7TH
Tacoma Rainiers batting - Pitching for Sacramento River Cats : LHP Hubert Hughes
Batting: RHB Kevin Kanne 0-0: Ball
1-0: Fly out, F7 (Line Drive, 7S, EV 94.4 MPH)
Batting: RHB Paul Sabine 0-0: Foul Ball, location: 2F
0-1: Ball
1-1: SINGLE (Line Drive, 89S, EV 95.6 MPH)
Batting: RHB Mike Vincent 0-0: Called Strike
0-1: Ball
1-1: Foul Ball, location: 2F
1-2: Foul Ball, location: 2F
1-2: Strikes out swinging
Batting: SHB Leonel Zambujo 0-0: Swinging Strike
0-1: Ball
1-1: Foul Ball, location: 2F
1-2: Strikes out swinging
Top of the 7th over - 0 runs, 1 hit, 0 errors, 1 left on base; Tacoma 0 - Sacramento 3
BOTTOM OF THE 7TH
Sacramento River Cats batting - Pitching for Tacoma Rainiers : RHP Dominic Preston
Batting: RHB Aaron Thomson 0-0: Called Strike
0-1: Ball
1-1: Foul Ball, location: 2F
1-2: Ball
2-2: Foul Ball, location: 2F
2-2: SINGLE (Groundball, 4MD, EV 98.8 MPH)
Batting: RHB Jim Jones 0-0: Bunted foul
0-1: Sac Bunt to 13 - play at first, batter OUT! 1-4
Aaron Thomson to second
Batting: RHB Roderick Luong 0-0: Foul Ball, location: 2F
0-1: SINGLE (Line Drive, 89S, EV 94.4 MPH)
Aaron Thomson to third
Batting: RHB Rich Putrino 0-0: Swinging Strike
0-1: Foul Ball, location: 2F
0-2: Foul Ball, location: 2F
0-2: Ball
Roderick Luong steals 2nd base
1-2: Ball
2-2: Ball
3-2: Ground out 6-3 (Groundball, 6, EV 80.0 MPH)
Batting: RHB Matt Campbell 0-0: Called Strike
0-1: Swinging Strike
0-2: Strikes out swinging
Bottom of the 7th over - 0 runs, 2 hits, 0 errors, 2 left on base; Tacoma 0 - Sacramento 3
TOP OF THE 8TH
Tacoma Rainiers batting - Pitching for Sacramento River Cats : LHP Hubert Hughes
Pitching: LHP Adam Bombaci
Now at 2B: Jim Jones
Now in CF: Sandy Morado
Batting: LHB Alex Archuleta 0-0: Foul Ball, location: 2F
0-1: Fly out, F4 (Popup, 4M, EV 70.6 MPH)
Batting: RHB Andrew Jones 0-0: SINGLE (Groundball, 4S, EV 71.9 MPH) (infield hit)
Batting: RHB Mike Collins 0-0: Foul Ball, location: 2F
0-1: Ball
1-1: Grounds into double play, 4-6-3 (Groundball, 4, EV 108.1 MPH)
Top of the 8th over - 0 runs, 1 hit, 0 errors, 0 left on base; Tacoma 0 - Sacramento 3
BOTTOM OF THE 8TH
Sacramento River Cats batting - Pitching for Tacoma Rainiers : RHP Dominic Preston
Batting: LHB Alexander Wolfe 0-0: Ball
1-0: Fly out, F9 (Line Drive, 9, EV 96.9 MPH)
Batting: SHB Sandy Morado 0-0: Swinging Strike
0-1: Swinging Strike
0-2: Ground out 4-3 (Groundball, 4, EV 109.4 MPH)
Batting: SHB Carlo Bernoldi 0-0: Swinging Strike
0-1: Foul Ball, location: 2F
0-2: SINGLE (Flyball, 6D, EV 91.9 MPH)
Pitching: RHP Luis Gonzales
Batting: RHB Payton Viverette 0-0: SINGLE (Groundball, 6MD, EV 103.8 MPH)
Carlo Bernoldi to second
Batting: RHB Aaron Thomson 0-0: Ball
1-0: Foul Ball, location: 2F
1-1: SINGLE (Line Drive, 89S, EV 85.6 MPH)
Carlo Bernoldi to third
Payton Viverette to second
Runner from 3rd tries for Home, SAFE, throw by RF to home
Batting: RHB Jim Jones 0-0: SINGLE (Line Drive, 6M, EV 102.5 MPH)
Payton Viverette to third
Aaron Thomson to second
Runner from 3rd tries for Home, SAFE, throw by CF to home
Batting: RHB Roderick Luong 0-0: Ball
1-0: Ball
Wild Pitch!
Aaron Thomson to third
Jim Jones to second
2-0: Ground out 6-3 (Groundball, 6, EV 107.5 MPH)
Bottom of the 8th over - 2 runs, 4 hits, 0 errors, 2 left on base; Tacoma 0 - Sacramento 5
TOP OF THE 9TH
Tacoma Rainiers batting - Pitching for Sacramento River Cats : LHP Adam Bombaci
Batting: LHB Russell Talusan 0-0: Called Strike
0-1: Ball
1-1: Swinging Strike
1-2: SINGLE (Groundball, 6S, EV 72.5 MPH) (infield hit)
Batting: RHB Gabriel Maldonado 0-0: Ball
1-0: Grounds into double play, 4-6-3 (Groundball, 4, EV 90.0 MPH)
Batting: RHB Kevin Kanne 0-0: Called Strike
0-1: Ball
1-1: Ball
2-1: SINGLE (Groundball, 6MD, EV 102.5 MPH)
Batting: RHB Paul Sabine 0-0: Ball
1-0: Called Strike
1-1: Called Strike
1-2: Foul Ball, location: 2F
1-2: Ball
2-2: Ball
3-2: Foul Ball, location: 2F
3-2: Fly out, F8 (Flyball, 8LXD, EV 107.5 MPH)
Top of the 9th over - 0 runs, 2 hits, 0 errors, 1 left on base; Tacoma 0 - Sacramento 5
Monday, April 29th , 2024 - OOTP Baseball 24.11 Build 85